 Dungeon Crawl Stone Soup version 0.28-a0-1235-g7c8fac35f0 (webtiles) character file.

Game seed: 2000675884057520686

3 enile the Vexing (level 1, -1/7 HPs)
             Began as a Felid Enchanter on Dec 24, 2021.
             Slain by a jackal (3 damage)
             ... on level 1 of the Dungeon.
             The game lasted 00:01:03 (296 turns).

enile the Vexing (Felid Enchanter)                   Turns: 296, Time: 00:01:03

Health: -1/7       AC:  1    Str:  4    XL:     1   Next: 41%
Magic:  4/4        EV: 17    Int: 16    God:
Gold:   2          SH:  0    Dex: 16    Spells: 4/4 levels left
                                        Lives:  0   Deaths: 0

rFire   . . .      SeeInvis +     - Unarmed
rCold   . . .      Faith    .   (shield unavailable)
rNeg    . . .      Spirit   .   (armour unavailable)
rPois   .          Reflect  .   (helmet unavailable)
rElec   .          Harm     .   (cloak unavailable)
rCorr   .          Rampage  .   (gloves unavailable)
Will    .....                   (boots unavailable)
Stlth   +++.......              (no amulet)
HPRegen 0.02/turn               (no ring)
MPRegen 0.09/turn               (no ring)

@: quick
A: very small, claws 1, fangs 3, see invisible, speed 1, shaggy fur 1, stealthy
paws, no weapons or thrown items, no armour, multi-lived
a: no special abilities


You were on level 1 of the Dungeon.
You visited 1 branch of the dungeon, and saw 1 of its levels.

You collected 2 gold pieces.

Inventory:

Hand Weapons
 b - a +2 dagger of freezing
Potions
 a - a potion of invisibility


   Skills:
 - Level 2.6 Dodging
 - Level 4.0 Stealth
 - Level 1.0 Unarmed Combat
 - Level 2.0 Spellcasting
 + Level 4.8 Hexes


You had 4 spell levels left.
You didn't know any spells.
Your spell library contained the following spells:

 Spells                   Type           Power      Damage    Failure   Level
 Confusing Touch          Hex            16%        N/A       9%          3
 Tukima's Dance           Hex            16%        N/A       9%          3
 Ensorcelled Hibernation  Hex/Ice        18%        N/A       12%         2
 Dazzling Flash           Conj/Hex       18%        N/A       24%         3


Dungeon Overview and Level Annotations

Branches:
Dungeon (1/15)

Altars:


Innate Abilities, Weirdness & Mutations

You have sharp claws.
You have razor-sharp teeth.
You have supernaturally acute eyesight. (SInv)
You cover ground quickly. (Speed+)
You are covered in fur. (AC +1)
Your paws help you pounce on unaware monsters.
You are incapable of wielding weapons or throwing items.
You cannot wear armour.
You gain extra lives every three experience levels.


Message History

You kill the giant cockroach!
No target in view!
No target in view!
No target in view!
Found 18 arrows.
A ball python comes into view.
A ball python is nearby!
You don't know any spells.
The helpless ball python fails to defend itself.
You claw the ball python!
You kill the ball python!
You now have 2 gold pieces.
A jackal comes into view.
The jackal barks!
You hear a bark!
Okay, then.
You don't know any spells.
You open the door.
There is an open door here.
A jackal comes into view.
You scratch the jackal but do no damage.
The jackal misses you.
The jackal bites you but does no damage.
You scratch the jackal but do no damage.
The jackal barely misses you.
You scratch the jackal but do no damage.
The jackal closely misses you. The jackal completely misses you.
You closely miss the jackal. The jackal bites you.
You scratch the jackal but do no damage.
The jackal closely misses you.
You scratch the jackal.
The jackal is moderately wounded.
The jackal bites you.
* * * LOW HITPOINT WARNING * * *
The jackal closely misses you.
Sorry, you're not good enough to have a special ability.
The jackal completely misses you. The jackal misses you. The jackal misses you.
The jackal bites you.
You die...

### ### #.# ##.# #.# #..#
########.####..#
#..............#
#######.######.####..####
#..........h.............
###.##.######...........
#.@hh......##..###.
#.######...##..# #.
#.######...#...###+
...........#...##..
##..###.....#.h.##..
#....(.............
#..........#...#...
...............+...
.###.##..#...#...


You could see 2 jackals.

Vanquished Creatures
  A ball python (D:1)
  A giant cockroach (D:1)
  A kobold (D:1)
3 creatures vanquished.

Notes
Turn   | Place    | Note
-------+----------+-------------------------------------------
     0 | D:1      | enile the Felid Enchanter began the quest for the Orb.
     0 | D:1      | Reached XP level 1. HP: 7/7 MP: 4/4
   296 | D:1      | Slain by a jackal

Illustrated notes

Levels and vault maps discovered:
D:1:      arrival_zaba_pyramid, layout_basic, hellmonk_ecumenical_altar_blasted

Action                   || total
-------------------------++-------
Melee: Unarmed           ||    12
 Stab: Sleeping          ||     2
Armor: Skin              ||     1
Dodge: Dodged            ||    11

Table legend: (Time is in decaauts)
 A = Elapsed time spent in this place.
 B = Non-inter-level travel time spent in this place.
 C = Inter-level travel time spent in this place.
 D = Time resting spent in this place.
 E = Time spent auto-exploring this place.
 F = Levels seen in this place.
 G = Mean time per level.
                   A        B        C        D        E       F      G
               +--------+--------+--------+--------+--------+-----+--------+
         Total |    266 |    266 |      0 |      0 |    199 |   1 |  266.0 |
       Dungeon |    266 |    266 |      0 |      0 |    199 |   1 |  266.0 |
               +--------+--------+--------+--------+--------+-----+--------+

Top non-repeatable levels by time:
     D:1: 266 daAuts
